Nashville Predators vs Los Angeles Kings
Created - Tuesday, November 5, 2024 at 08:55
Goals
|
| Nashville Predators |
1 |
3 |
2 |
6 |
| Los Angeles Kings |
0 |
0 |
3 |
3 |
|
Shots
|
| Nashville Predators |
12 |
15 |
21 |
48 |
| Los Angeles Kings |
10 |
11 |
10 |
31 |
|
1st period
1. Nashville Predators , Jack Drury 12 (Pius Suter 20, Simon Benoit 13) at 7:09
Penalties :
Simon Benoit (NSH) for Tripping (Minor) at 1:31, Michael Eyssimont (LAK) for Fighting (Major) at 12:29, Max Pacioretty (NSH) for Fighting (Major) at 12:29, Michael Eyssimont (LAK) for instigated a fight (Minor) at 12:29, Michael Eyssimont (LAK) for instigated a fight (10 Minutes Misconduct) at 12:29
2nd period
2. Nashville Predators , Leo Carlsson 24 (Artem Zub 22, Max Pacioretty 27) at 0:47
3. Nashville Predators , Max Pacioretty 23 (Colton Sissons 38, Artem Zub 23) at 3:55 (PP)
4. Nashville Predators , Dante Fabbro 2 (Ryan Johansen 35, Leo Carlsson 27) at 19:25 (PP)
Penalties :
Vitali Kravtsov (LAK) for High sticking (Minor) at 3:19, Andrei Svechnikov (LAK) for Roughing (Double Minor) at 6:09, Owen Power (LAK) for High sticking (Minor) at 19:08, Michael Milne (LAK) for Interference (Minor) at 19:37
3rd period
5. Nashville Predators , Colton Sissons 27 (Max Pacioretty 28, Dante Fabbro 16) at 0:45 (PP)
6. Los Angeles Kings , Adam Fantilli 22 (Noah Dobson 19, Owen Power 20) at 1:20
7. Los Angeles Kings , Noah Dobson 8 (Michael Milne 3) at 4:56 (PP)
8. Los Angeles Kings , Andrei Kuzmenko 24 (Owen Power 21) at 11:24
9. Nashville Predators , Thomas Novak 14 (Colton Sissons 39) at 16:16
Penalties :
Simon Benoit (NSH) for Roughing (Minor) at 4:43
Goalie Stats
Anthony Stolarz (NSH), 28 saves from 31 shots - (0.903), W, 9-11-1, 60:00 minutes
Andrei Vasilevskiy (LAK), 42 saves from 48 shots - (0.875), L, 9-14-3, 60:00 minutes
Players Stats for Nashville Predators
Player Name G A P +/- PIM S H SB GA TA FO MP PP MP PK MP
------------------------------------------------------------------------------------
Artem Zub 0 2 2 0 0 1 3 2 1 0 0/0 23:12 4:14 1:02
Brett Leason 0 0 0 1 0 1 2 0 1 0 0/0 10:54 0:00 0:58
Colton Sissons 1 2 3 1 0 3 2 0 0 1 11/18 17:45 3:31 0:55
Dante Fabbro 1 1 2 0 0 4 1 1 0 0 0/0 20:59 4:02 0:56
Henri Jokiharju 0 0 0 0 0 1 2 0 0 1 0/0 20:12 3:32 1:03
Jack Drury 1 0 1 0 0 4 0 1 0 0 8/10 13:41 0:02 1:06
Jesper Boqvist 0 0 0 0 0 2 2 0 0 0 0/1 11:59 1:37 0:00
Josh Doan 0 0 0 -1 0 0 1 0 0 0 0/0 13:32 0:36 0:00
Leo Carlsson 1 1 2 1 0 5 0 0 0 0 0/0 16:27 3:30 0:00
Mattias Samuelsson 0 0 0 1 0 1 1 0 1 1 0/0 22:20 3:32 1:23
Max Pacioretty 1 2 3 1 5 3 1 0 0 0 0/0 14:43 2:47 0:00
Parker Wotherspoon 0 0 0 0 0 0 1 0 0 0 0/0 15:55 0:00 0:00
Pius Suter 0 1 1 0 0 1 0 0 0 0 0/1 15:45 3:18 0:19
Ryan Johansen 0 1 1 0 0 7 2 0 2 0 13/21 18:39 3:15 0:58
Simon Benoit 0 1 1 0 4 0 3 1 0 0 0/0 16:39 0:38 0:00
Thomas Novak 1 0 1 1 0 3 0 0 0 1 5/11 11:43 1:23 0:00
Tyson Foerster 0 0 0 0 0 8 2 0 1 0 1/1 17:57 3:29 0:00
Zach Benson 0 0 0 0 0 4 3 0 0 2 0/2 15:23 0:29 0:08
Players Stats for Los Angeles Kings
Player Name G A P +/- PIM S H SB GA TA FO MP PP MP PK MP
------------------------------------------------------------------------------------
Adam Fantilli 1 0 1 0 0 4 3 0 2 1 8/22 15:56 1:04 0:00
Alexander Romanov 0 0 0 1 0 0 0 1 0 2 0/0 21:18 1:10 3:03
Andrei Kuzmenko 1 0 1 0 0 3 1 1 1 0 0/3 17:48 0:57 3:58
Andrei Svechnikov 0 0 0 0 4 4 0 1 0 1 0/1 17:38 1:04 1:24
Blake Wheeler 0 0 0 0 0 1 0 0 0 0 2/4 7:06 0:00 0:00
Erik Brannstrom 0 0 0 0 0 1 1 2 0 0 0/0 16:25 0:11 0:58
Jakub Zboril 0 0 0 0 0 0 1 0 0 0 0/0 16:11 0:00 0:34
K'Andre Miller 0 0 0 -1 0 1 2 3 0 1 0/0 22:24 1:02 4:18
Logan Cooley 0 0 0 0 0 3 2 1 0 0 10/17 16:02 0:00 0:43
Michael Eyssimont 0 0 0 0 17 1 0 1 0 0 2/8 10:17 0:00 1:01
Michael Milne 0 1 1 0 2 2 1 0 0 0 0/1 20:38 1:01 0:00
Noah Dobson 1 1 2 -2 0 5 0 0 1 0 0/0 22:04 1:02 4:34
Owen Power 0 2 2 1 2 1 1 0 0 0 0/0 21:21 1:10 3:04
Peyton Krebs 0 0 0 -1 0 0 0 1 0 0 1/2 17:43 0:57 1:18
Ryan Reaves 0 0 0 -1 0 1 0 0 1 0 1/2 5:33 0:14 0:00
Seth Jarvis 0 0 0 0 0 4 0 1 1 0 2/3 19:51 1:08 3:03
Trent Frederic 0 0 0 -1 0 0 2 0 0 1 1/2 10:59 0:00 3:58
Vitali Kravtsov 0 0 0 -1 2 0 1 0 0 0 0/0 12:42 0:00 0:00
3 Stars
1 - Colton Sissons (NSH)
2 - Leo Carlsson (NSH)
3 - Dante Fabbro (NSH)
Power Play
Nashville Predators - 3 on 6 Attempt(s) - 50.00%
Los Angeles Kings - 1 on 2 Attempt(s) - 50.00%
Penalty Kill
Nashville Predators - 1 on 2 Attempt(s) - 50.00%
- Score 0 goal in Penalty Kill
Los Angeles Kings - 3 on 6 Attempt(s) - 50.00%
- Score 0 goal in Penalty Kill
Team Stat
Nashville Predators - Hits : 26 - Faceoff Wins : 38 - Blocked Shots : 5 - Penalty Minutes : 9
Los Angeles Kings - Hits : 15 - Faceoff Wins : 27 - Blocked Shots : 12 - Penalty Minutes : 27
Official
Referees : Brandon Schrader and Ian Walsh
Linesman : Kilian McNamara and Jesse Marquis
Game Notes
Max Pacioretty beats up Michael Eyssimont at 12:29 of 1st period
Finance
Level 1 -- Attendance: 4699 (78.32%) -- Ticket Income $469,900
Level 2 -- Attendance: 3881 (77.62%) -- Ticket Income $232,860
Level 3 -- Attendance: 2444 (81.47%) -- Ticket Income $85,540
Level 4 -- Attendance: 3772 (75.44%) -- Ticket Income $94,300
Luxury Box -- Attendance: 815 (81.50%) -- Ticket Income $163,000
Game was played at the Staples Center.
Total Attendance: 15611 (78.06%)
Total Ticket Income: $1,045,600
Other Income: $365,960
Total Income: $1,411,560
Nashville Predators
5 vs 5 Forward
Center Left Wing Right Wing Time % Phy DF OF
1 Colton Sissons Max Pacioretty Leo Carlsson 27 0 2 3
2 Ryan Johansen Zach Benson Tyson Foerster 27 1 2 2
3 Jack Drury Pius Suter Josh Doan 25 0 2 3
4 Thomas Novak Jesper Boqvist Brett Leason 21 0 2 3
5 vs 5 Defense
Defense Defense Time % Phy DF OF
1 Artem Zub Mattias Samuelsson 35 1 3 1
2 Parker Wotherspoon Simon Benoit 35 1 3 1
3 Dante Fabbro Henri Jokiharju 25 1 3 1
4 Artem Zub Simon Benoit 5 1 3 1
PowerPlay Forward
Center Left Wing Right Wing Time % Phy DF OF
1 Colton Sissons Max Pacioretty Tyson Foerster 50 1 1 3
2 Ryan Johansen Pius Suter Leo Carlsson 50 1 1 3
PowerPlay Defense
Defense Defense Time % Phy DF OF
1 Artem Zub Dante Fabbro 50 1 1 3
2 Mattias Samuelsson Henri Jokiharju 50 2 2 1
Penalty Kill 4 Players Forward
Center Wing Time % Phy DF OF
1 Jack Drury Colton Sissons 50 1 2 2
2 Ryan Johansen Brett Leason 50 1 2 2
Penalty Kill 4 Players Defense
Defense Defense Time % Phy DF OF
1 Artem Zub Mattias Samuelsson 50 2 2 1
2 Simon Benoit Henri Jokiharju 50 1 2 2
Penalty Kill - 3 Players Forward
Forward Time % Phy DF OF
1 Colton Sissons 50 1 2 2
2 Jack Drury 50 1 2 2
Penalty Kill - 3 Players Defense
Defense Defense Time % Phy DF OF
1 Artem Zub Mattias Samuelsson 50 1 2 2
2 Henri Jokiharju Simon Benoit 50 1 2 2
4 vs 4 Forward
Center Wing Time % Phy DF OF
1 Colton Sissons Leo Carlsson 50 1 2 2
2 Ryan Johansen Tyson Foerster 50 1 2 2
4 vs 4 Defense
Defense Defense Time % Phy DF OF
1 Mattias Samuelsson Artem Zub 50 2 2 1
2 Simon Benoit Henri Jokiharju 50 1 2 2
Last Minutes Offensive
Center Left Wing Right Wing Defense Defense
Colton Sissons Ryan Johansen Leo Carlsson Tyson Foerster Zach Benson
Last Minutes Defensive
Center Left Wing Right Wing Defense Defense
Ryan Johansen Colton Sissons Jack Drury Artem Zub Mattias Samuelsson
Goaltenders
Starting : Anthony Stolarz
Backup : Samuel Ersson
Extra Forwards
Normal : Josh Doan, Thomas Novak, Zach Benson - PP : Jesper Boqvist, Thomas Novak - PK : Brett Leason
Extra Defensemen
Normal : Simon Benoit, Henri Jokiharju, Dante Fabbro - PP : Henri Jokiharju - PK : Mattias Samuelsson, Simon Benoit
Penalty Shots
Zach Benson, Tyson Foerster, Thomas Novak, Pius Suter, Leo Carlsson
Scratches
Liam Foudy (Healthy), Jakub Voracek (Healthy), Michael Carcone (Healthy), Semyon Varlamov (Healthy), Mads Sogaard (Healthy)
Los Angeles Kings
5 vs 5 Forward
Center Left Wing Right Wing Time % Phy DF OF
1 Logan Cooley Peyton Krebs Seth Jarvis 30 1 2 2
2 Adam Fantilli Michael Milne Andrei Svechnikov 30 1 2 2
3 Michael Eyssimont Vitali Kravtsov Andrei Kuzmenko 25 1 2 2
4 Blake Wheeler Michael Milne Trent Frederic 15 1 2 2
5 vs 5 Defense
Defense Defense Time % Phy DF OF
1 Noah Dobson K'Andre Miller 35 1 2 2
2 Alexander Romanov Owen Power 35 1 2 2
3 Erik Brannstrom Jakub Zboril 30 1 2 2
4 Noah Dobson K'Andre Miller 0 1 2 2
PowerPlay Forward
Center Left Wing Right Wing Time % Phy DF OF
1 Andrei Kuzmenko Peyton Krebs Seth Jarvis 50 1 2 2
2 Adam Fantilli Michael Milne Andrei Svechnikov 50 1 2 2
PowerPlay Defense
Defense Defense Time % Phy DF OF
1 Noah Dobson K'Andre Miller 50 1 2 2
2 Alexander Romanov Owen Power 50 1 2 2
Penalty Kill 4 Players Forward
Center Wing Time % Phy DF OF
1 Seth Jarvis Andrei Svechnikov 50 1 2 2
2 Andrei Kuzmenko Trent Frederic 50 1 2 2
Penalty Kill 4 Players Defense
Defense Defense Time % Phy DF OF
1 Noah Dobson K'Andre Miller 50 1 2 2
2 Alexander Romanov Owen Power 50 1 2 2
Penalty Kill - 3 Players Forward
Forward Time % Phy DF OF
1 Seth Jarvis 50 1 2 2
2 Andrei Svechnikov 50 1 2 2
Penalty Kill - 3 Players Defense
Defense Defense Time % Phy DF OF
1 Noah Dobson K'Andre Miller 50 1 2 2
2 Alexander Romanov Owen Power 50 1 2 2
4 vs 4 Forward
Center Wing Time % Phy DF OF
1 Seth Jarvis Andrei Svechnikov 50 1 2 2
2 Andrei Kuzmenko Trent Frederic 50 1 2 2
4 vs 4 Defense
Defense Defense Time % Phy DF OF
1 Noah Dobson K'Andre Miller 50 1 2 2
2 Alexander Romanov Owen Power 50 1 2 2
Last Minutes Offensive
Center Left Wing Right Wing Defense Defense
Logan Cooley Peyton Krebs Seth Jarvis Noah Dobson K'Andre Miller
Last Minutes Defensive
Center Left Wing Right Wing Defense Defense
Logan Cooley Peyton Krebs Seth Jarvis Noah Dobson K'Andre Miller
Goaltenders
Starting : Andrei Vasilevskiy
Backup : Jonas Johansson
Extra Forwards
Normal : Seth Jarvis, Ryan Reaves, Michael Eyssimont - PP : Seth Jarvis, Ryan Reaves - PK : Michael Eyssimont
Extra Defensemen
Normal : Noah Dobson, Jakub Zboril, Alexander Romanov - PP : K'Andre Miller - PK : Jakub Zboril, Alexander Romanov
Penalty Shots
Seth Jarvis, Andrei Svechnikov, Andrei Kuzmenko, Trent Frederic, Peyton Krebs
Scratches
Ruslan Iskhakov (Healthy), Cooper Marody (Healthy), Nicklas Backstrom (Healthy), Joshua Brown (Healthy)
% Time on Ice - Nashville Predators
Lines # - Real PCT - Wanted PCT - Time Play
Normal Forward
1 - 27% - 27% - 13:30
2 - 30% - 27% - 14:55
3 - 23% - 25% - 11:39
4 - 20% - 21% - 9:45
Normal Defense
1 - 35% - 35% - 17:16
2 - 34% - 35% - 16:54
3 - 29% - 25% - 14:24
4 - 3% - 5% - 1:15
PP Forward
1 - 53% - 50% - 4:16
2 - 47% - 50% - 3:43
PP Defense
1 - 54% - 50% - 4:19
2 - 46% - 50% - 3:40
PK Forward
1 - 56% - 50% - 1:14
2 - 44% - 50% - 0:58
PK Defense
1 - 33% - 50% - 0:44
2 - 67% - 50% - 1:28
PK3 Forward
1 - 0% - 50%
2 - 0% - 50%
PK3 Defense
1 - 0% - 50%
2 - 0% - 50%
44 Forward
1 - 0% - 50%
2 - 0% - 50%
44 Defense
1 - 0% - 50%
2 - 0% - 50%
Last Minute Offensive - 0:00
Last Minute Defensive - 0:00
Total
Forward - 60:00
Defense - 60:00
|
% Time on Ice - Los Angeles Kings
Lines # - Real PCT - Wanted PCT - Time Play
Normal Forward
1 - 32% - 30% - 15:42
2 - 33% - 30% - 16:14
3 - 25% - 25% - 12:40
4 - 10% - 15% - 5:13
Normal Defense
1 - 33% - 35% - 16:22
2 - 35% - 35% - 17:39
3 - 32% - 30% - 15:48
4 - 0% - 0% - 0:00
PP Forward
1 - 52% - 50% - 1:08
2 - 48% - 50% - 1:04
PP Defense
1 - 47% - 50% - 1:02
2 - 53% - 50% - 1:10
PK Forward
1 - 50% - 50% - 4:01
2 - 50% - 50% - 3:58
PK Defense
1 - 52% - 50% - 4:09
2 - 48% - 50% - 3:50
PK3 Forward
1 - 0% - 50%
2 - 0% - 50%
PK3 Defense
1 - 0% - 50%
2 - 0% - 50%
44 Forward
1 - 0% - 50%
2 - 0% - 50%
44 Defense
1 - 0% - 50%
2 - 0% - 50%
Last Minute Offensive - 0:00
Last Minute Defensive - 0:00
Total
Forward - 60:00
Defense - 60:00
|
Play-by-Play
1st period
0:01 of 1st period - Logan Cooley wins face-off versus Colton Sissons in neutral zone.
0:03 of 1st period - Off-side.
0:04 of 1st period - Logan Cooley wins face-off versus Colton Sissons in neutral zone.
0:47 of 1st period - Snap shot by Max Pacioretty.
0:47 of 1st period - Stopped by Andrei Vasilevskiy with a rebound.
1:07 of 1st period - Wrist shot by Colton Sissons.
1:07 of 1st period - Shot Hit the Post.
1:09 of 1st period - Wrist shot by Mattias Samuelsson.
1:09 of 1st period - Stopped by Andrei Vasilevskiy without a rebound.
1:10 of 1st period - Ryan Johansen wins face-off versus Adam Fantilli in Los Angeles Kings zone.
1:31 of 1st period - Minor Penalty to Simon Benoit for Tripping.
1:32 of 1st period - Ryan Johansen wins face-off versus Peyton Krebs in Nashville Predators zone.
2:13 of 1st period - Slapshot by Andrei Svechnikov.
2:13 of 1st period - Shot Misses the Net.
3:00 of 1st period - Alexander Romanov is hit by Artem Zub and loses puck.
3:26 of 1st period - Icing by Noah Dobson.
3:27 of 1st period - Ryan Reaves wins face-off versus Zach Benson in Los Angeles Kings zone.
3:31 of 1st period - Penalty to Simon Benoit is over, Simon Benoit is back on ice.
3:32 of 1st period - Slapshot by Noah Dobson.
3:32 of 1st period - Stopped by Anthony Stolarz without a rebound.
3:33 of 1st period - Blake Wheeler wins face-off versus Jack Drury in Nashville Predators zone.
3:46 of 1st period - Snap shot by Josh Doan.
3:46 of 1st period - Shot Blocked by Erik Brannstrom.
3:56 of 1st period - Erik Brannstrom is hit by Simon Benoit and loses puck.
4:05 of 1st period - Snap shot by Jesper Boqvist.
4:05 of 1st period - Stopped by Andrei Vasilevskiy without a rebound.
4:06 of 1st period - Logan Cooley wins face-off versus Ryan Johansen in Los Angeles Kings zone.
4:15 of 1st period - Snap shot by Ryan Johansen.
4:15 of 1st period - Deflect By Tyson Foerster.
4:15 of 1st period - Stopped by Andrei Vasilevskiy without a rebound.
4:16 of 1st period - Tyson Foerster wins face-off versus Logan Cooley in Los Angeles Kings zone.
4:17 of 1st period - Wrist shot by Zach Benson.
4:17 of 1st period - Stopped by Andrei Vasilevskiy with a rebound.
4:25 of 1st period - Snap shot by Seth Jarvis.
4:25 of 1st period - Stopped by Anthony Stolarz without a rebound.
4:26 of 1st period - Jack Drury wins face-off versus Adam Fantilli in Nashville Predators zone.
4:37 of 1st period - Adam Fantilli is hit by Dante Fabbro and loses puck.
4:42 of 1st period - Snap shot by Jack Drury.
4:42 of 1st period - Stopped by Andrei Vasilevskiy with a rebound.
5:00 of 1st period - Slapshot by Seth Jarvis.
5:00 of 1st period - Shot Blocked by Dante Fabbro.
5:59 of 1st period - Snap shot by Pius Suter.
5:59 of 1st period - Shot Misses the Net.
6:17 of 1st period - Snap shot by Blake Wheeler.
6:17 of 1st period - Stopped by Anthony Stolarz without a rebound.
6:18 of 1st period - Logan Cooley wins face-off versus Thomas Novak in Nashville Predators zone.
6:19 of 1st period - Snap shot by Seth Jarvis.
6:19 of 1st period - Stopped by Anthony Stolarz without a rebound.
6:20 of 1st period - Logan Cooley wins face-off versus Thomas Novak in Nashville Predators zone.
6:29 of 1st period - Snap shot by Logan Cooley.
6:29 of 1st period - Deflect By Brett Leason.
6:29 of 1st period - Shot Misses the Net.
6:29 of 1st period - Puck is out of play.
6:30 of 1st period - Logan Cooley wins face-off versus Zach Benson in Nashville Predators zone.
6:35 of 1st period - Wrist shot by Logan Cooley.
6:35 of 1st period - Stopped by Anthony Stolarz without a rebound.
6:36 of 1st period - Ryan Johansen wins face-off versus Logan Cooley in Nashville Predators zone.
7:07 of 1st period - Snap shot by Pius Suter.
7:07 of 1st period - Shot Misses the Net.
7:09 of 1st period - Snap shot by Jack Drury.
7:09 of 1st period - Goal by Jack Drury - Nashville Predators : 1 - Los Angeles Kings : 0.
7:10 of 1st period - Thomas Novak wins face-off versus Adam Fantilli in neutral zone.
7:24 of 1st period - Snap shot by Jesper Boqvist.
7:24 of 1st period - Deflect By Thomas Novak.
7:24 of 1st period - Stopped by Andrei Vasilevskiy without a rebound.
7:25 of 1st period - Michael Eyssimont wins face-off versus Ryan Johansen in Los Angeles Kings zone.
7:40 of 1st period - Snap shot by Andrei Kuzmenko.
7:40 of 1st period - Stopped by Anthony Stolarz without a rebound.
7:41 of 1st period - Jack Drury wins face-off versus Adam Fantilli in Nashville Predators zone.
8:31 of 1st period - Peyton Krebs is hit by Artem Zub and loses puck.
8:42 of 1st period - Slapshot by Colton Sissons.
8:42 of 1st period - Shot Misses the Net.
9:02 of 1st period - Snap shot by Adam Fantilli.
9:02 of 1st period - Shot Misses the Net.
9:26 of 1st period - Slapshot by Tyson Foerster.
9:26 of 1st period - Stopped by Andrei Vasilevskiy without a rebound.
9:27 of 1st period - Adam Fantilli wins face-off versus Colton Sissons in Los Angeles Kings zone.
9:41 of 1st period - Slapshot by Colton Sissons.
9:41 of 1st period - Stopped by Andrei Vasilevskiy without a rebound.
9:42 of 1st period - Ryan Johansen wins face-off versus Logan Cooley in Los Angeles Kings zone.
10:08 of 1st period - Peyton Krebs is hit by Zach Benson and loses puck.
10:44 of 1st period - Slapshot by Logan Cooley.
10:44 of 1st period - Stopped by Anthony Stolarz without a rebound.
10:45 of 1st period - Colton Sissons wins face-off versus Adam Fantilli in Nashville Predators zone.
10:56 of 1st period - Slapshot by Leo Carlsson.
10:56 of 1st period - Shot Blocked by Andrei Svechnikov.
11:01 of 1st period - Icing by Andrei Svechnikov.
11:02 of 1st period - Thomas Novak wins face-off versus Adam Fantilli in Los Angeles Kings zone.
11:11 of 1st period - Wrist shot by Thomas Novak.
11:11 of 1st period - Stopped by Andrei Vasilevskiy without a rebound.
11:12 of 1st period - Adam Fantilli wins face-off versus Thomas Novak in Los Angeles Kings zone.
11:12 of 1st period - Adam Fantilli is hit by Parker Wotherspoon.
11:15 of 1st period - Icing by Andrei Svechnikov.
11:16 of 1st period - Jack Drury wins face-off versus Adam Fantilli in Los Angeles Kings zone.
11:42 of 1st period - Adam Fantilli is hit by Simon Benoit and loses puck.
11:51 of 1st period - Snap shot by Adam Fantilli.
11:51 of 1st period - Stopped by Anthony Stolarz with a rebound.
12:10 of 1st period - Backhand shot by Adam Fantilli.
12:10 of 1st period - Shot Blocked by Simon Benoit.
12:20 of 1st period - Wrist shot by Andrei Svechnikov.
12:20 of 1st period - Stopped by Anthony Stolarz without a rebound.
12:21 of 1st period - Colton Sissons wins face-off versus Michael Eyssimont in Nashville Predators zone.
12:29 of 1st period - Max Pacioretty beats up Michael Eyssimont.
12:29 of 1st period - Penalty to Michael Eyssimont for Fighting.
12:29 of 1st period - Penalty to Max Pacioretty for Fighting.
12:29 of 1st period - Penalty to Michael Eyssimont for instigated a fight.
12:29 of 1st period - Penalty to Michael Eyssimont for instigated a fight.
12:30 of 1st period - Trent Frederic wins face-off versus Jesper Boqvist in Nashville Predators zone.
12:57 of 1st period - Artem Zub is hit by K'Andre Miller and loses puck.
13:45 of 1st period - Andrei Svechnikov is hit by Tyson Foerster.
14:29 of 1st period - Penalty to Michael Eyssimont is over, Blake Wheeler is send on ice.
14:57 of 1st period - Wrist shot by Ryan Reaves.
14:57 of 1st period - Stopped by Anthony Stolarz with a rebound.
15:01 of 1st period - Slapshot by Blake Wheeler.
15:01 of 1st period - Shot Misses the Net.
15:03 of 1st period - Slapshot by Erik Brannstrom.
15:03 of 1st period - Shot Misses the Net.
15:15 of 1st period - Jack Drury is hit by Jakub Zboril and loses puck.
16:36 of 1st period - Icing by K'Andre Miller.
16:37 of 1st period - Thomas Novak wins face-off versus Adam Fantilli in Los Angeles Kings zone.
16:56 of 1st period - Snap shot by Leo Carlsson.
16:56 of 1st period - Stopped by Andrei Vasilevskiy with a rebound.
17:35 of 1st period - Wrist shot by Seth Jarvis.
17:35 of 1st period - Deflect By Logan Cooley.
17:35 of 1st period - Shot Misses the Net.
17:35 of 1st period - Puck is out of play.
17:36 of 1st period - Colton Sissons wins face-off versus Logan Cooley in Nashville Predators zone.
17:47 of 1st period - Snap shot by Colton Sissons.
17:47 of 1st period - Shot Misses the Net.
18:40 of 1st period - Michael Milne is hit by Henri Jokiharju and loses puck.
19:31 of 1st period - Icing by Adam Fantilli.
19:32 of 1st period - Thomas Novak wins face-off versus Andrei Svechnikov in Los Angeles Kings zone.
19:33 of 1st period - Slapshot by Jesper Boqvist.
19:33 of 1st period - Shot Misses the Net.
19:43 of 1st period - Andrei Svechnikov is hit by Artem Zub and loses puck.
19:56 of 1st period - Artem Zub is hit by K'Andre Miller and loses puck.
Goals for this period are 1 for Nashville Predators vs 0 for Los Angeles Kings.
Shots for this period are 12 for Nashville Predators vs 10 for Los Angeles Kings.
2nd period
0:01 of 2nd period - Colton Sissons wins face-off versus Logan Cooley in neutral zone.
0:43 of 2nd period - Wrist shot by Leo Carlsson.
0:43 of 2nd period - Stopped by Andrei Vasilevskiy with a rebound.
0:45 of 2nd period - Slapshot by Artem Zub.
0:45 of 2nd period - Shot Blocked by K'Andre Miller.
0:47 of 2nd period - Snap shot by Leo Carlsson.
0:47 of 2nd period - Deflect By Andrei Kuzmenko.
0:47 of 2nd period - Goal by Leo Carlsson - Nashville Predators : 2 - Los Angeles Kings : 0.
0:48 of 2nd period - Adam Fantilli wins face-off versus Ryan Johansen in neutral zone.
1:38 of 2nd period - Wrist shot by Leo Carlsson.
1:38 of 2nd period - Stopped by Andrei Vasilevskiy with a rebound.
1:45 of 2nd period - Icing by Erik Brannstrom.
1:46 of 2nd period - Ryan Johansen wins face-off versus Ryan Reaves in Los Angeles Kings zone.
2:12 of 2nd period - Icing by Trent Frederic.
2:13 of 2nd period - Colton Sissons wins face-off versus Blake Wheeler in Los Angeles Kings zone.
2:40 of 2nd period - Seth Jarvis is hit by Ryan Johansen and loses puck.
3:07 of 2nd period - Wrist shot by Pius Suter.
3:07 of 2nd period - Stopped by Andrei Vasilevskiy with a rebound.
3:09 of 2nd period - Wrist shot by Jack Drury.
3:09 of 2nd period - Stopped by Andrei Vasilevskiy with a rebound.
3:11 of 2nd period - Wrist shot by Jack Drury.
3:11 of 2nd period - Shot Hit the Post.
3:13 of 2nd period - Wrist shot by Jack Drury.
3:13 of 2nd period - Stopped by Andrei Vasilevskiy with a rebound.
3:19 of 2nd period - Minor Penalty to Vitali Kravtsov for High sticking.
3:20 of 2nd period - Seth Jarvis wins face-off versus Ryan Johansen in Los Angeles Kings zone.
3:51 of 2nd period - Snap shot by Colton Sissons.
3:51 of 2nd period - Shot Misses the Net.
3:53 of 2nd period - Snap shot by Colton Sissons.
3:53 of 2nd period - Stopped by Andrei Vasilevskiy with a rebound.
3:55 of 2nd period - Snap shot by Max Pacioretty.
3:55 of 2nd period - Goal by Max Pacioretty - Nashville Predators : 3 - Los Angeles Kings : 0.
3:56 of 2nd period - Ryan Johansen wins face-off versus Adam Fantilli in neutral zone.
4:23 of 2nd period - Logan Cooley is hit by Brett Leason and loses puck.
4:57 of 2nd period - Slapshot by Owen Power.
4:57 of 2nd period - Stopped by Anthony Stolarz without a rebound.
4:58 of 2nd period - Colton Sissons wins face-off versus Adam Fantilli in Nashville Predators zone.
5:50 of 2nd period - Wrist shot by Brett Leason.
5:50 of 2nd period - Stopped by Andrei Vasilevskiy with a rebound.
5:56 of 2nd period - Slapshot by Jesper Boqvist.
5:56 of 2nd period - Stopped by Andrei Vasilevskiy without a rebound.
5:57 of 2nd period - Jack Drury wins face-off versus Adam Fantilli in Los Angeles Kings zone.
6:09 of 2nd period - Double Minor Penalty to Andrei Svechnikov for Roughing.
6:10 of 2nd period - Ryan Johansen wins face-off versus Seth Jarvis in Los Angeles Kings zone.
6:42 of 2nd period - K'Andre Miller is hit by Mattias Samuelsson and loses puck.
7:03 of 2nd period - Snap shot by Leo Carlsson.
7:03 of 2nd period - Shot Blocked by Andrei Kuzmenko.
7:29 of 2nd period - 10 Minutes Misconduct Penalty to Michael Eyssimont is over.
9:54 of 2nd period - Seth Jarvis is hit by Henri Jokiharju and loses puck.
10:09 of 2nd period - Penalty to Andrei Svechnikov is over, Andrei Svechnikov is back on ice.
10:21 of 2nd period - Snap shot by Andrei Svechnikov.
10:21 of 2nd period - Stopped by Anthony Stolarz with a rebound.
10:56 of 2nd period - Jakub Zboril is hit by Simon Benoit and loses puck.
11:03 of 2nd period - Jack Drury is hit by Michael Milne and loses puck.
11:16 of 2nd period - Dante Fabbro is hit by Logan Cooley and loses puck.
11:31 of 2nd period - Snap shot by Michael Eyssimont.
11:31 of 2nd period - Stopped by Anthony Stolarz without a rebound.
11:32 of 2nd period - Colton Sissons wins face-off versus Michael Eyssimont in Nashville Predators zone.
12:01 of 2nd period - Michael Eyssimont is hit by Zach Benson and loses puck.
12:08 of 2nd period - Wrist shot by Tyson Foerster.
12:08 of 2nd period - Shot Misses the Net.
12:40 of 2nd period - Pius Suter is hit by Owen Power and loses puck.
12:45 of 2nd period - Slapshot by Noah Dobson.
12:45 of 2nd period - Shot Misses the Net.
13:09 of 2nd period - Simon Benoit is hit by Logan Cooley and loses puck.
13:47 of 2nd period - Jakub Zboril is hit by Jesper Boqvist and loses puck.
14:08 of 2nd period - Snap shot by Seth Jarvis.
14:08 of 2nd period - Stopped by Anthony Stolarz without a rebound.
14:09 of 2nd period - Logan Cooley wins face-off versus Jack Drury in Nashville Predators zone.
14:16 of 2nd period - Snap shot by Seth Jarvis.
14:16 of 2nd period - Stopped by Anthony Stolarz without a rebound.
14:17 of 2nd period - Adam Fantilli wins face-off versus Colton Sissons in Nashville Predators zone.
14:22 of 2nd period - Snap shot by Adam Fantilli.
14:22 of 2nd period - Shot Blocked by Artem Zub.
14:30 of 2nd period - Wrist shot by Leo Carlsson.
14:30 of 2nd period - Stopped by Andrei Vasilevskiy without a rebound.
14:31 of 2nd period - Seth Jarvis wins face-off versus Ryan Johansen in Los Angeles Kings zone.
14:46 of 2nd period - Snap shot by Tyson Foerster.
14:46 of 2nd period - Stopped by Andrei Vasilevskiy with a rebound.
14:58 of 2nd period - Dante Fabbro is hit by Adam Fantilli and loses puck.
15:04 of 2nd period - Icing by Dante Fabbro.
15:05 of 2nd period - Colton Sissons wins face-off versus Michael Eyssimont in Nashville Predators zone.
15:17 of 2nd period - Snap shot by Andrei Kuzmenko.
15:17 of 2nd period - Stopped by Anthony Stolarz with a rebound.
15:56 of 2nd period - Snap shot by Andrei Svechnikov.
15:56 of 2nd period - Shot Misses the Net.
15:58 of 2nd period - Backhand shot by Owen Power.
15:58 of 2nd period - Shot Blocked by Artem Zub.
16:00 of 2nd period - Slapshot by Alexander Romanov.
16:00 of 2nd period - Shot Misses the Net.
16:15 of 2nd period - Slapshot by Erik Brannstrom.
16:15 of 2nd period - Stopped by Anthony Stolarz with a rebound.
16:55 of 2nd period - Wrist shot by Logan Cooley.
16:55 of 2nd period - Stopped by Anthony Stolarz with a rebound.
17:02 of 2nd period - Icing by Pius Suter.
17:03 of 2nd period - Michael Eyssimont wins face-off versus Pius Suter in Nashville Predators zone.
17:14 of 2nd period - Backhand shot by Noah Dobson.
17:14 of 2nd period - Stopped by Anthony Stolarz with a rebound.
17:16 of 2nd period - Slapshot by K'Andre Miller.
17:16 of 2nd period - Stopped by Anthony Stolarz with a rebound.
17:29 of 2nd period - Off-side.
17:30 of 2nd period - Colton Sissons wins face-off versus Logan Cooley in neutral zone.
17:37 of 2nd period - Snap shot by Max Pacioretty.
17:37 of 2nd period - Shot Misses the Net.
18:00 of 2nd period - Adam Fantilli is hit by Ryan Johansen and loses puck.
18:26 of 2nd period - Slapshot by Noah Dobson.
18:26 of 2nd period - Deflect By Parker Wotherspoon.
18:26 of 2nd period - Stopped by Anthony Stolarz with a rebound.
18:28 of 2nd period - Wrist shot by Andrei Kuzmenko.
18:28 of 2nd period - Shot Misses the Net.
18:45 of 2nd period - Off-side.
18:46 of 2nd period - Adam Fantilli wins face-off versus Colton Sissons in neutral zone.
19:08 of 2nd period - Minor Penalty to Owen Power for High sticking.
19:09 of 2nd period - Ryan Johansen wins face-off versus Andrei Kuzmenko in Los Angeles Kings zone.
19:13 of 2nd period - Slapshot by Artem Zub.
19:13 of 2nd period - Deflect By Ryan Johansen.
19:13 of 2nd period - Shot Misses the Net.
19:13 of 2nd period - Puck is out of play.
19:14 of 2nd period - Ryan Johansen wins face-off versus Andrei Kuzmenko in Los Angeles Kings zone.
19:23 of 2nd period - Snap shot by Ryan Johansen.
19:23 of 2nd period - Shot Hit the Post.
19:25 of 2nd period - Slapshot by Dante Fabbro.
19:25 of 2nd period - Goal by Dante Fabbro - Nashville Predators : 4 - Los Angeles Kings : 0.
19:26 of 2nd period - Ryan Johansen wins face-off versus Adam Fantilli in neutral zone.
19:33 of 2nd period - Wrist shot by Tyson Foerster.
19:33 of 2nd period - Stopped by Andrei Vasilevskiy without a rebound.
19:34 of 2nd period - Adam Fantilli wins face-off versus Ryan Johansen in Los Angeles Kings zone.
19:34 of 2nd period - Adam Fantilli is hit by Zach Benson.
19:37 of 2nd period - Minor Penalty to Michael Milne for Interference.
19:38 of 2nd period - Ryan Johansen wins face-off versus Andrei Kuzmenko in Los Angeles Kings zone.
19:40 of 2nd period - Wrist shot by Leo Carlsson.
19:40 of 2nd period - Deflect By Ryan Johansen.
19:40 of 2nd period - Stopped by Andrei Vasilevskiy with a rebound.
19:42 of 2nd period - Wrist shot by Pius Suter.
19:42 of 2nd period - Shot Blocked by K'Andre Miller.
19:44 of 2nd period - Wrist shot by Leo Carlsson.
19:44 of 2nd period - Shot Misses the Net.
Goals for this period are 3 for Nashville Predators vs 0 for Los Angeles Kings.
Shots for this period are 15 for Nashville Predators vs 11 for Los Angeles Kings.
3rd period
0:01 of 3rd period - Colton Sissons wins face-off versus Trent Frederic in neutral zone.
0:25 of 3rd period - Max Pacioretty is hit by Trent Frederic and loses puck.
0:36 of 3rd period - Trent Frederic is hit by Max Pacioretty and loses puck.
0:41 of 3rd period - Wrist shot by Max Pacioretty.
0:41 of 3rd period - Shot Blocked by K'Andre Miller.
0:43 of 3rd period - Wrist shot by Max Pacioretty.
0:43 of 3rd period - Stopped by Andrei Vasilevskiy with a rebound.
0:45 of 3rd period - Wrist shot by Colton Sissons.
0:45 of 3rd period - Goal by Colton Sissons - Nashville Predators : 5 - Los Angeles Kings : 0.
0:46 of 3rd period - Peyton Krebs wins face-off versus Thomas Novak in neutral zone.
1:20 of 3rd period - Wrist shot by Adam Fantilli.
1:20 of 3rd period - Goal by Adam Fantilli - Nashville Predators : 5 - Los Angeles Kings : 1.
1:21 of 3rd period - Logan Cooley wins face-off versus Colton Sissons in neutral zone.
1:46 of 3rd period - Mattias Samuelsson is hit by Adam Fantilli and loses puck.
1:51 of 3rd period - Snap shot by Andrei Svechnikov.
1:51 of 3rd period - Stopped by Anthony Stolarz without a rebound.
1:52 of 3rd period - Blake Wheeler wins face-off versus Ryan Johansen in Nashville Predators zone.
1:55 of 3rd period - Wrist shot by Trent Frederic.
1:55 of 3rd period - Shot Misses the Net.
1:57 of 3rd period - Snap shot by Michael Milne.
1:57 of 3rd period - Stopped by Anthony Stolarz without a rebound.
1:58 of 3rd period - Ryan Johansen wins face-off versus Blake Wheeler in Nashville Predators zone.
2:27 of 3rd period - Slapshot by Leo Carlsson.
2:27 of 3rd period - Shot Blocked by Logan Cooley.
3:22 of 3rd period - Snap shot by Ryan Johansen.
3:22 of 3rd period - Stopped by Andrei Vasilevskiy with a rebound.
3:24 of 3rd period - Snap shot by Dante Fabbro.
3:24 of 3rd period - Deflect By Noah Dobson.
3:24 of 3rd period - Stopped by Andrei Vasilevskiy without a rebound.
3:25 of 3rd period - Logan Cooley wins face-off versus Ryan Johansen in Los Angeles Kings zone.
3:40 of 3rd period - Snap shot by Mattias Samuelsson.
3:40 of 3rd period - Shot Misses the Net.
3:42 of 3rd period - Wrist shot by Ryan Johansen.
3:42 of 3rd period - Shot Blocked by Alexander Romanov.
3:44 of 3rd period - Slapshot by Ryan Johansen.
3:44 of 3rd period - Stopped by Andrei Vasilevskiy with a rebound.
3:46 of 3rd period - Wrist shot by Ryan Johansen.
3:46 of 3rd period - Shot Misses the Net.
3:48 of 3rd period - Slapshot by Zach Benson.
3:48 of 3rd period - Shot Misses the Net.
3:50 of 3rd period - Wrist shot by Tyson Foerster.
3:50 of 3rd period - Stopped by Andrei Vasilevskiy with a rebound.
3:54 of 3rd period - Snap shot by Zach Benson.
3:54 of 3rd period - Shot Misses the Net.
3:56 of 3rd period - Wrist shot by Tyson Foerster.
3:56 of 3rd period - Stopped by Andrei Vasilevskiy with a rebound.
3:58 of 3rd period - Wrist shot by Zach Benson.
3:58 of 3rd period - Stopped by Andrei Vasilevskiy with a rebound.
4:00 of 3rd period - Wrist shot by Zach Benson.
4:00 of 3rd period - Stopped by Andrei Vasilevskiy with a rebound.
4:02 of 3rd period - Slapshot by Dante Fabbro.
4:02 of 3rd period - Stopped by Andrei Vasilevskiy with a rebound.
4:04 of 3rd period - Slapshot by Henri Jokiharju.
4:04 of 3rd period - Stopped by Andrei Vasilevskiy with a rebound.
4:06 of 3rd period - Slapshot by Henri Jokiharju.
4:06 of 3rd period - Shot Blocked by Peyton Krebs.
4:08 of 3rd period - Snap shot by Ryan Johansen.
4:08 of 3rd period - Shot Blocked by Seth Jarvis.
4:10 of 3rd period - Backhand shot by Dante Fabbro.
4:10 of 3rd period - Deflect By Ryan Johansen.
4:10 of 3rd period - Stopped by Andrei Vasilevskiy with a rebound.
4:12 of 3rd period - Wrist shot by Zach Benson.
4:12 of 3rd period - Deflect By Tyson Foerster.
4:12 of 3rd period - Shot Misses the Net.
4:12 of 3rd period - Puck is out of play.
4:13 of 3rd period - Adam Fantilli wins face-off versus Colton Sissons in Los Angeles Kings zone.
4:18 of 3rd period - Parker Wotherspoon is hit by Adam Fantilli and loses puck.
4:43 of 3rd period - Minor Penalty to Simon Benoit for Roughing.
4:44 of 3rd period - Ryan Johansen wins face-off versus Adam Fantilli in Nashville Predators zone.
4:56 of 3rd period - Snap shot by Noah Dobson.
4:56 of 3rd period - Goal by Noah Dobson - Nashville Predators : 5 - Los Angeles Kings : 2.
4:57 of 3rd period - Thomas Novak wins face-off versus Adam Fantilli in neutral zone.
6:04 of 3rd period - Icing by Jack Drury.
6:05 of 3rd period - Jack Drury wins face-off versus Michael Milne in Nashville Predators zone.
6:05 of 3rd period - Jack Drury is hit by Trent Frederic.
7:25 of 3rd period - Tyson Foerster is hit by Erik Brannstrom and loses puck.
7:48 of 3rd period - Wrist shot by Tyson Foerster.
7:48 of 3rd period - Stopped by Andrei Vasilevskiy with a rebound.
7:50 of 3rd period - Wrist shot by Dante Fabbro.
7:50 of 3rd period - Shot Misses the Net.
7:52 of 3rd period - Wrist shot by Tyson Foerster.
7:52 of 3rd period - Deflect By Zach Benson.
7:52 of 3rd period - Stopped by Andrei Vasilevskiy with a rebound.
8:14 of 3rd period - Snap shot by Ryan Johansen.
8:14 of 3rd period - Stopped by Andrei Vasilevskiy with a rebound.
8:16 of 3rd period - Slapshot by Dante Fabbro.
8:16 of 3rd period - Stopped by Andrei Vasilevskiy with a rebound.
9:05 of 3rd period - Snap shot by Ryan Johansen.
9:05 of 3rd period - Shot Misses the Net.
9:07 of 3rd period - Wrist shot by Zach Benson.
9:07 of 3rd period - Shot Misses the Net.
9:09 of 3rd period - Wrist shot by Ryan Johansen.
9:09 of 3rd period - Stopped by Andrei Vasilevskiy with a rebound.
9:11 of 3rd period - Slapshot by Ryan Johansen.
9:11 of 3rd period - Shot Misses the Net.
9:13 of 3rd period - Snap shot by Ryan Johansen.
9:13 of 3rd period - Stopped by Andrei Vasilevskiy with a rebound.
9:31 of 3rd period - Snap shot by Andrei Svechnikov.
9:31 of 3rd period - Shot Misses the Net.
9:41 of 3rd period - Wrist shot by Tyson Foerster.
9:41 of 3rd period - Stopped by Andrei Vasilevskiy with a rebound.
10:13 of 3rd period - Snap shot by Adam Fantilli.
10:13 of 3rd period - Shot Misses the Net.
10:27 of 3rd period - Wrist shot by Adam Fantilli.
10:27 of 3rd period - Stopped by Anthony Stolarz with a rebound.
10:51 of 3rd period - Slapshot by Adam Fantilli.
10:51 of 3rd period - Deflect By Michael Milne.
10:51 of 3rd period - Stopped by Anthony Stolarz without a rebound.
10:52 of 3rd period - Colton Sissons wins face-off versus Logan Cooley in Nashville Predators zone.
11:17 of 3rd period - Mattias Samuelsson is hit by Andrei Kuzmenko and loses puck.
11:22 of 3rd period - Slapshot by Owen Power.
11:22 of 3rd period - Shot Blocked by Jack Drury.
11:24 of 3rd period - Snap shot by Andrei Kuzmenko.
11:24 of 3rd period - Goal by Andrei Kuzmenko - Nashville Predators : 5 - Los Angeles Kings : 3.
11:25 of 3rd period - Jack Drury wins face-off versus Michael Eyssimont in neutral zone.
11:28 of 3rd period - Slapshot by Artem Zub.
11:28 of 3rd period - Stopped by Andrei Vasilevskiy with a rebound.
11:38 of 3rd period - Snap shot by Andrei Kuzmenko.
11:38 of 3rd period - Shot Misses the Net.
13:29 of 3rd period - Seth Jarvis is hit by Colton Sissons and loses puck.
13:52 of 3rd period - Logan Cooley is hit by Brett Leason and loses puck.
16:11 of 3rd period - Noah Dobson is hit by Colton Sissons and loses puck.
16:16 of 3rd period - Wrist shot by Thomas Novak.
16:16 of 3rd period - Goal by Thomas Novak - Nashville Predators : 6 - Los Angeles Kings : 3.
16:17 of 3rd period - Logan Cooley wins face-off versus Thomas Novak in neutral zone.
16:20 of 3rd period - Wrist shot by Seth Jarvis.
16:20 of 3rd period - Shot Misses the Net.
16:28 of 3rd period - Jakub Zboril is hit by Jesper Boqvist and loses puck.
16:45 of 3rd period - Michael Milne is hit by Josh Doan and loses puck.
17:04 of 3rd period - Michael Eyssimont is hit by Tyson Foerster and loses puck.
17:49 of 3rd period - Snap shot by Adam Fantilli.
17:49 of 3rd period - Stopped by Anthony Stolarz without a rebound.
17:50 of 3rd period - Adam Fantilli wins face-off versus Thomas Novak in Nashville Predators zone.
17:51 of 3rd period - Snap shot by Andrei Svechnikov.
17:51 of 3rd period - Stopped by Anthony Stolarz with a rebound.
17:53 of 3rd period - Slapshot by Noah Dobson.
17:53 of 3rd period - Shot Misses the Net.
17:55 of 3rd period - Snap shot by Noah Dobson.
17:55 of 3rd period - Deflect By Jesper Boqvist.
17:55 of 3rd period - Stopped by Anthony Stolarz without a rebound.
17:56 of 3rd period - Jack Drury wins face-off versus Michael Eyssimont in Nashville Predators zone.
17:56 of 3rd period - Jack Drury is hit by Vitali Kravtsov.
18:08 of 3rd period - Snap shot by Jack Drury.
18:08 of 3rd period - Shot Blocked by Michael Eyssimont.
19:22 of 3rd period - Icing by Dante Fabbro.
19:23 of 3rd period - Jack Drury wins face-off versus Michael Eyssimont in Nashville Predators zone.
19:37 of 3rd period - Wrist shot by Josh Doan.
19:37 of 3rd period - Shot Blocked by Erik Brannstrom.
Goals for this period are 2 for Nashville Predators vs 3 for Los Angeles Kings.
Shots for this period are 21 for Nashville Predators vs 10 for Los Angeles Kings.
Back to the Top